Predators vs Red Wings
(R1)
Created - March 17, 2020 at 08:16
Goals
|
Predators |
1 |
2 |
2 |
5 |
Red Wings |
1 |
1 |
1 |
3 |
|
Shots
|
Predators |
8 |
19 |
9 |
36 |
Red Wings |
12 |
6 |
12 |
30 |
|
1st period
1. Red Wings , Jordin Tootoo 10 (Andrew Alberts 8) at 9:02 (PP)
2. Predators , Alexander Steen 13 (Mikael Granlund 37, Ryan Mcdonagh 18) at 14:05 (PP)
Penalties :
Ryan Kesler (Nas) for Charging (Double Minor) at 6:55, Brendan Gallagher (Nas) for Roughing (Minor) at 11:47, Alex Picard (Det) for Holding Stick (Minor) at 13:41
2nd period
3. Predators , Byron Bitz 6 (Alexander Edler 27, Ryan Mcdonagh 19) at 11:32 (SH)
4. Red Wings , Mike Richards 22 (Alex Picard 15, Connor Brown 31) at 13:05
5. Predators , Alexander Edler 12 (Maxim Afinogenov 15, Alex Killorn 8) at 15:28
Penalties :
Brendan Gallagher (Nas) for Hooking (Minor) at 0:19, Alexander Ovechkin (Nas) for Tripping (Minor) at 11:04
3rd period
6. Red Wings , Alex Picard 21 (Mike Richards 45, Connor Brown 32) at 9:25
7. Predators , Alexander Steen 14 (Niclas Bergfors 23, Alexander Edler 28) at 12:47
8. Predators , Brendan Gallagher 23 (John Moore 21, Alexander Ovechkin 49) at 14:36
Penalties :
Alexander Edler (Nas) for Tripping (Minor) at 1:12, Andy Miele (Nas) for Interference (Minor) at 19:58
Goalie Stats
Viktor Fasth (Nas), 27 saves from 30 shots - (0.900), W, 25-14-6, 60:00 minutes
James Reimer (Det), 31 saves from 36 shots - (0.861), L, 19-19-5, 60:00 minutes
Players Stats for Predators
Player Name G A P +/- PIM S H SB GA TA FO MP PP MP PK MP
------------------------------------------------------------------------------------
Alex Killorn 0 1 1 1 0 0 0 0 0 0 0/0 6:20 0:00 0:00
Alexander Edler 1 2 3 2 2 6 1 2 2 1 0/0 27:54 0:19 5:03
Alexander Ovechkin 0 1 1 -1 2 3 2 0 0 1 1/2 21:26 0:07 3:25
Alexander Steen 2 0 2 1 0 6 1 0 0 3 1/1 15:28 0:12 0:41
Andy Miele 0 0 0 1 2 4 2 0 0 0 10/17 17:07 0:00 5:55
Brendan Gallagher 1 0 1 -1 4 3 2 0 1 0 0/1 19:11 0:07 1:37
Byron Bitz 1 0 1 1 0 1 3 0 1 1 2/2 17:09 0:00 5:51
Denis Grebeshkov 0 0 0 0 0 0 1 1 0 0 0/0 11:20 0:00 0:32
John Moore 0 1 1 0 0 1 0 0 1 1 0/0 21:19 0:00 3:58
Justin Abdelkader 0 0 0 -1 0 2 1 0 1 0 0/3 12:20 0:07 2:25
Maxim Afinogenov 0 1 1 1 0 0 0 0 0 0 0/0 6:20 0:00 0:00
Mikael Granlund 0 1 1 0 0 1 0 2 0 0 12/26 17:43 0:12 0:04
Nate Schmidt 0 0 0 -1 0 1 2 2 1 0 0/0 14:28 0:00 3:48
Niclas Bergfors 0 1 1 1 0 3 4 0 0 0 1/1 14:47 0:12 0:00
Nik Antropov 0 0 0 1 0 0 1 0 0 0 1/4 6:20 0:00 0:00
Ryan Kesler 0 0 0 1 4 2 3 0 0 0 2/8 14:34 0:00 0:00
Ryan Mcdonagh 0 2 2 2 0 1 2 1 0 2 0/0 28:06 0:19 5:42
Ryan Murray 0 0 0 1 0 2 2 2 0 1 0/0 17:58 0:00 0:55
Players Stats for Red Wings
Player Name G A P +/- PIM S H SB GA TA FO MP PP MP PK MP
------------------------------------------------------------------------------------
Alex Picard 1 1 2 1 2 4 0 0 0 0 0/0 22:11 5:34 0:00
Andrew Alberts 0 1 1 0 0 3 1 1 0 0 0/0 17:28 4:16 0:00
Anton Volchenkov 0 0 0 0 0 0 1 1 1 1 0/0 13:16 0:00 0:06
Carson Mcmillan 0 0 0 0 0 0 0 0 0 0 0/0 10:53 0:02 0:15
Chris Kelly 0 0 0 -2 0 1 0 0 1 1 2/3 8:21 0:00 0:15
Connor Brown 0 2 2 1 0 5 4 0 0 1 0/0 22:21 5:35 0:04
David Krejci 0 0 0 0 0 0 0 0 1 0 4/6 10:38 0:02 0:00
Jiri Fischer 0 0 0 -1 0 0 2 1 1 1 0/0 19:37 4:16 0:00
Jordin Tootoo 1 0 1 -1 0 5 1 0 0 0 0/0 18:40 4:22 0:00
Karl Alzner 0 0 0 -1 0 0 1 1 1 0 0/0 21:21 5:43 0:00
Michael Haley 0 0 0 -2 0 0 2 1 0 0 0/1 8:06 0:00 0:00
Mike Richards 1 1 2 1 0 3 1 1 1 0 18/36 22:21 5:35 0:04
Nick Bjugstad 0 0 0 -1 0 4 0 0 1 0 10/16 18:40 4:22 0:00
Petr Pohl 0 0 0 -2 0 0 0 0 0 0 0/0 8:25 0:02 0:00
Philip Samuelsson 0 0 0 -1 0 3 1 2 3 1 0/0 27:07 5:43 0:13
Riley Armstrong 0 0 0 0 0 0 0 1 0 1 0/1 10:19 0:00 0:00
Ryan O'Byrne 0 0 0 -1 0 0 1 2 0 1 0/0 21:11 0:00 0:19
Tye McGinn 0 0 0 -1 0 2 0 0 0 0 1/2 18:40 4:22 0:00
3 Stars
1 - Alexander Steen (Nas)
2 - Alexander Edler (Nas)
3 - Ryan Mcdonagh (Nas)
Power Play
Predators - 1 on 1 Attempt(s) - 100.00%
Red Wings - 1 on 7 Attempt(s) - 14.29%
Penalty Kill
Predators - 6 on 7 Attempt(s) - 85.71%
- Score 1 goal in Penalty Kill
Red Wings - 0 on 1 Attempt(s) - 0.00%
- Score 0 goal in Penalty Kill
Team Stat
Predators - Hits : 27 - Faceoff Wins : 30 - Blocked Shots : 10 - Penalty Minutes : 14
Red Wings - Hits : 15 - Faceoff Wins : 35 - Blocked Shots : 11 - Penalty Minutes : 2
Official
Referees : Unknown
Linesman : Unknown
Game Notes
No Game Note
Finance
Level 1 -- Attendance: 4981 (83.02%) -- Ticket Income $532,967
Level 2 -- Attendance: 4196 (83.92%) -- Ticket Income $297,916
Level 3 -- Attendance: 1451 (72.55%) -- Ticket Income $69,648
Level 4 -- Attendance: 3071 (76.78%) -- Ticket Income $101,343
Luxury Box -- Attendance: 872 (87.20%) -- Ticket Income $165,680
Game was played at the Joe Louis Arena.
Total Attendance: 14571 (80.95%)
Total Ticket Income: $1,167,554
Other Income: $175,133
Total Income: $1,342,687
Predators
5 vs 5 Forward
Center Left Wing Right Wing Time % Phy DF OF
1 Mikael Granlund Alexander Ovechkin Brendan Gallagher 40 1 1 3
2 Ryan Kesler Alexander Steen Niclas Bergfors 30 1 2 2
3 Andy Miele Justin Abdelkader Byron Bitz 20 1 2 2
4 Nik Antropov Alex Killorn Maxim Afinogenov 10 1 2 2
5 vs 5 Defense
Defense Defense Time % Phy DF OF
1 Ryan Mcdonagh Alexander Edler 40 1 2 2
2 John Moore Ryan Murray 30 1 2 2
3 Nate Schmidt Denis Grebeshkov 20 1 2 2
4 Ryan Mcdonagh Alexander Edler 10 1 2 2
PowerPlay Forward
Center Left Wing Right Wing Time % Phy DF OF
1 Ryan Kesler Alexander Ovechkin Brendan Gallagher 60 1 1 3
2 Mikael Granlund Alexander Steen Niclas Bergfors 40 1 1 3
PowerPlay Defense
Defense Defense Time % Phy DF OF
1 Ryan Mcdonagh Alexander Edler 60 1 1 3
2 John Moore Ryan Murray 40 1 1 3
Penalty Kill 4 Players Forward
Center Wing Time % Phy DF OF
1 Andy Miele Byron Bitz 60 1 2 2
2 Alexander Ovechkin Brendan Gallagher 40 1 2 2
Penalty Kill 4 Players Defense
Defense Defense Time % Phy DF OF
1 Ryan Mcdonagh Alexander Edler 60 1 3 1
2 John Moore Nate Schmidt 40 1 3 1
Penalty Kill - 3 Players Forward
Forward Time % Phy DF OF
1 Alexander Ovechkin 60 1 2 2
2 Andy Miele 40 1 2 2
Penalty Kill - 3 Players Defense
Defense Defense Time % Phy DF OF
1 Ryan Mcdonagh Alexander Edler 60 1 2 2
2 John Moore Nate Schmidt 40 1 2 2
4 vs 4 Forward
Center Wing Time % Phy DF OF
1 Alexander Ovechkin Brendan Gallagher 60 1 2 2
2 Niclas Bergfors Brendan Gallagher 40 1 2 2
4 vs 4 Defense
Defense Defense Time % Phy DF OF
1 Ryan Mcdonagh Alexander Edler 60 1 2 2
2 John Moore Denis Grebeshkov 40 1 2 2
Last Minutes Offensive
Center Left Wing Right Wing Defense Defense
Ryan Kesler Alexander Ovechkin Niclas Bergfors Ryan Mcdonagh Alexander Edler
Last Minutes Defensive
Center Left Wing Right Wing Defense Defense
Ryan Kesler Alexander Ovechkin Andy Miele Ryan Mcdonagh John Moore
Goaltenders
Starting : Viktor Fasth
Backup : Anders Lindback
Extra Forwards
Normal : Justin Abdelkader, Andy Miele, Maxim Afinogenov - PP : Justin Abdelkader, Andy Miele - PK : Justin Abdelkader
Extra Defensemen
Normal : Ryan Murray, Nate Schmidt, Denis Grebeshkov - PP : Denis Grebeshkov - PK : Ryan Murray, Nate Schmidt
Penalty Shots
Alexander Ovechkin, Niclas Bergfors, Ryan Kesler, Mikael Granlund, Maxim Afinogenov
Scratches
Dmitri Kalinin (Healthy)
Red Wings
5 vs 5 Forward
Center Left Wing Right Wing Time % Phy DF OF
1 Mike Richards Alex Picard Connor Brown 40 1 2 2
2 Nick Bjugstad Tye McGinn Jordin Tootoo 30 1 2 2
3 David Krejci Riley Armstrong Carson Mcmillan 20 2 2 1
4 Chris Kelly Michael Haley Petr Pohl 10 0 3 2
5 vs 5 Defense
Defense Defense Time % Phy DF OF
1 Philip Samuelsson Ryan O'Byrne 40 1 2 2
2 Karl Alzner Jiri Fischer 30 1 2 2
3 Andrew Alberts Anton Volchenkov 20 1 2 2
4 Andrew Alberts Anton Volchenkov 10 1 2 2
PowerPlay Forward
Center Left Wing Right Wing Time % Phy DF OF
1 Mike Richards Alex Picard Connor Brown 60 0 1 4
2 Nick Bjugstad Tye McGinn Jordin Tootoo 40 0 1 4
PowerPlay Defense
Defense Defense Time % Phy DF OF
1 Philip Samuelsson Karl Alzner 60 0 2 3
2 Andrew Alberts Jiri Fischer 40 0 2 3
Penalty Kill 4 Players Forward
Center Wing Time % Phy DF OF
1 Chris Kelly Carson Mcmillan 60 1 2 2
2 Riley Armstrong Michael Haley 40 1 2 2
Penalty Kill 4 Players Defense
Defense Defense Time % Phy DF OF
1 Anton Volchenkov Ryan O'Byrne 60 1 2 2
2 Jiri Fischer Philip Samuelsson 40 1 2 2
Penalty Kill - 3 Players Forward
Forward Time % Phy DF OF
1 Carson Mcmillan 60 1 2 2
2 Michael Haley 40 1 2 2
Penalty Kill - 3 Players Defense
Defense Defense Time % Phy DF OF
1 Anton Volchenkov Ryan O'Byrne 60 1 2 2
2 Jiri Fischer Philip Samuelsson 40 1 2 2
4 vs 4 Forward
Center Wing Time % Phy DF OF
1 Mike Richards Connor Brown 60 1 2 2
2 Alex Picard David Krejci 40 1 2 2
4 vs 4 Defense
Defense Defense Time % Phy DF OF
1 Philip Samuelsson Ryan O'Byrne 60 1 2 2
2 Karl Alzner Jiri Fischer 40 1 2 2
Last Minutes Offensive
Center Left Wing Right Wing Defense Defense
Mike Richards Alex Picard Connor Brown Philip Samuelsson Karl Alzner
Last Minutes Defensive
Center Left Wing Right Wing Defense Defense
Riley Armstrong Michael Haley Carson Mcmillan Anton Volchenkov Ryan O'Byrne
Goaltenders
Starting : James Reimer
Backup : Josh Harding
Extra Forwards
Normal : Connor Brown, Nick Bjugstad, David Krejci - PP : David Krejci, Petr Pohl - PK : Mike Richards
Extra Defensemen
Normal : Philip Samuelsson, Karl Alzner, Anton Volchenkov - PP : Anton Volchenkov - PK : Karl Alzner, Andrew Alberts
Penalty Shots
Mike Richards, Carson Mcmillan, Nick Bjugstad, Alex Picard, Jordin Tootoo
Scratches
Dany Heatley (Healthy), Jakub Kindl (Groin Injury), Petter Granberg (Healthy), Jean-Francois Berube (Healthy)
% Time on Ice - Predators
Lines # - Real PCT - Wanted PCT - Time Play
Normal Forward
1 - 38% - 40% - 18:59
2 - 29% - 30% - 14:37
3 - 20% - 20% - 9:41
4 - 13% - 10% - 6:20
Normal Defense
1 - 42% - 40% - 20:38
2 - 32% - 30% - 15:49
3 - 20% - 20% - 9:54
4 - 7% - 10% - 3:16
PP Forward
1 - 37% - 60% - 0:07
2 - 63% - 40% - 0:12
PP Defense
1 - 100% - 60% - 0:19
2 - 0% - 40% - 0:00
PK Forward
1 - 70% - 60% - 6:57
2 - 30% - 40% - 3:02
PK Defense
1 - 62% - 60% - 6:14
2 - 38% - 40% - 3:45
PK3 Forward
1 - 0% - 60%
2 - 0% - 40%
PK3 Defense
1 - 0% - 60%
2 - 0% - 40%
44 Forward
1 - 100% - 60% - 0:05
2 - 0% - 40% - 0:00
44 Defense
1 - 100% - 60% - 0:05
2 - 0% - 40% - 0:00
Last Minute Offensive - 0:00
Last Minute Defensive - 0:00
Total
Forward - 60:00
Defense - 60:00
|
% Time on Ice - Red Wings
Lines # - Real PCT - Wanted PCT - Time Play
Normal Forward
1 - 34% - 40% - 16:54
2 - 29% - 30% - 14:18
3 - 21% - 20% - 10:19
4 - 16% - 10% - 8:06
Normal Defense
1 - 43% - 40% - 21:06
2 - 31% - 30% - 15:21
3 - 19% - 20% - 9:22
4 - 8% - 10% - 3:48
PP Forward
1 - 56% - 60% - 5:37
2 - 44% - 40% - 4:22
PP Defense
1 - 57% - 60% - 5:43
2 - 43% - 40% - 4:16
PK Forward
1 - 100% - 60% - 0:19
2 - 0% - 40% - 0:00
PK Defense
1 - 100% - 60% - 0:19
2 - 0% - 40% - 0:00
PK3 Forward
1 - 0% - 60%
2 - 0% - 40%
PK3 Defense
1 - 0% - 60%
2 - 0% - 40%
44 Forward
1 - 100% - 60% - 0:05
2 - 0% - 40% - 0:00
44 Defense
1 - 100% - 60% - 0:05
2 - 0% - 40% - 0:00
Last Minute Offensive - 0:00
Last Minute Defensive - 0:00
Total
Forward - 60:00
Defense - 60:00
|
Play-by-Play
1st period
0:01 of 1st period - Mike Richards wins face-off versus Mikael Granlund in neutral zone.
0:33 of 1st period - Ryan O'Byrne is hit by Ryan Mcdonagh and loses puck.
2:26 of 1st period - Snap shot by Andy Miele.
2:26 of 1st period - Stopped by James Reimer with a rebound.
2:28 of 1st period - Slapshot by John Moore.
2:28 of 1st period - Deflect By Justin Abdelkader.
2:28 of 1st period - Shot Misses the Net.
2:28 of 1st period - Puck is out of play.
2:29 of 1st period - Mikael Granlund wins face-off versus Mike Richards in Red Wings zone.
2:56 of 1st period - Andrew Alberts is hit by Alexander Steen.
3:15 of 1st period - Off-side.
3:16 of 1st period - Andy Miele wins face-off versus Michael Haley in neutral zone.
3:41 of 1st period - Alexander Edler is hit by Connor Brown and loses puck.
4:36 of 1st period - Wrist shot by Alex Killorn.
4:36 of 1st period - Shot Misses the Net.
4:52 of 1st period - Snap shot by Chris Kelly.
4:52 of 1st period - Stopped by Viktor Fasth without a rebound.
4:53 of 1st period - Chris Kelly wins face-off versus Mikael Granlund in Predators zone.
4:58 of 1st period - Snap shot by Petr Pohl.
4:58 of 1st period - Shot Misses the Net.
5:20 of 1st period - Ryan Kesler is hit by Connor Brown and loses puck.
6:08 of 1st period - Wrist shot by Andy Miele.
6:08 of 1st period - Shot Misses the Net.
6:10 of 1st period - Snap shot by Byron Bitz.
6:10 of 1st period - Shot Misses the Net.
6:31 of 1st period - Slapshot by Connor Brown.
6:31 of 1st period - Stopped by Viktor Fasth with a rebound.
6:55 of 1st period - Double Minor Penalty to Ryan Kesler for Charging.
6:56 of 1st period - Andy Miele wins face-off versus Mike Richards in Predators zone.
8:13 of 1st period - Icing by Jiri Fischer.
8:14 of 1st period - Nick Bjugstad wins face-off versus Justin Abdelkader in Red Wings zone.
8:34 of 1st period - Icing by Jiri Fischer.
8:35 of 1st period - Alexander Ovechkin wins face-off versus Mike Richards in Red Wings zone.
8:58 of 1st period - Snap shot by Jordin Tootoo.
8:58 of 1st period - Shot Blocked by Nate Schmidt.
9:00 of 1st period - Slapshot by Jordin Tootoo.
9:00 of 1st period - Shot Misses the Net.
9:02 of 1st period - Snap shot by Jordin Tootoo.
9:02 of 1st period - Goal by Jordin Tootoo - Predators : 0 - Red Wings : 1.
9:03 of 1st period - Mike Richards wins face-off versus Mikael Granlund in neutral zone.
9:06 of 1st period - Snap shot by Connor Brown.
9:06 of 1st period - Shot Misses the Net.
9:20 of 1st period - Wrist shot by Alexander Ovechkin.
9:20 of 1st period - Stopped by James Reimer with a rebound.
9:39 of 1st period - Snap shot by Mike Richards.
9:39 of 1st period - Shot Blocked by Alexander Edler.
9:41 of 1st period - Snap shot by Mike Richards.
9:41 of 1st period - Shot Misses the Net.
10:03 of 1st period - Snap shot by Jordin Tootoo.
10:03 of 1st period - Stopped by Viktor Fasth with a rebound.
10:05 of 1st period - Snap shot by Jordin Tootoo.
10:05 of 1st period - Shot Misses the Net.
11:23 of 1st period - Slapshot by Nick Bjugstad.
11:23 of 1st period - Stopped by Viktor Fasth without a rebound.
11:24 of 1st period - Andy Miele wins face-off versus Nick Bjugstad in Predators zone.
11:36 of 1st period - Icing by Ryan O'Byrne.
11:37 of 1st period - Nick Bjugstad wins face-off versus Mikael Granlund in Red Wings zone.
11:47 of 1st period - Minor Penalty to Brendan Gallagher for Roughing.
11:48 of 1st period - Andy Miele wins face-off versus Mike Richards in Predators zone.
11:48 of 1st period - Andy Miele is hit by Connor Brown.
11:56 of 1st period - Off-side.
11:57 of 1st period - Byron Bitz wins face-off versus Mike Richards in neutral zone.
12:07 of 1st period - Off-side.
12:08 of 1st period - Mike Richards wins face-off versus Andy Miele in neutral zone.
12:21 of 1st period - Snap shot by Andy Miele.
12:21 of 1st period - Shot Misses the Net.
12:23 of 1st period - Slapshot by Alexander Edler.
12:23 of 1st period - Stopped by James Reimer with a rebound.
13:41 of 1st period - Minor Penalty to Alex Picard for Holding Stick.
13:42 of 1st period - Mike Richards wins face-off versus Alexander Ovechkin in Red Wings zone.
13:47 of 1st period - Penalty to Brendan Gallagher is over, Brendan Gallagher is back on ice.
13:57 of 1st period - Slapshot by Alexander Edler.
13:57 of 1st period - Deflect By Niclas Bergfors.
13:57 of 1st period - Stopped by James Reimer with a rebound.
13:59 of 1st period - Slapshot by Ryan Mcdonagh.
13:59 of 1st period - Stopped by James Reimer without a rebound.
14:00 of 1st period - Mikael Granlund wins face-off versus Chris Kelly in Red Wings zone.
14:05 of 1st period - Wrist shot by Alexander Steen.
14:05 of 1st period - Goal by Alexander Steen - Predators : 1 - Red Wings : 1.
14:06 of 1st period - Mike Richards wins face-off versus Mikael Granlund in neutral zone.
14:23 of 1st period - Slapshot by Mike Richards.
14:23 of 1st period - Stopped by Viktor Fasth with a rebound.
14:55 of 1st period - Backhand shot by Alexander Edler.
14:55 of 1st period - Stopped by James Reimer with a rebound.
14:57 of 1st period - Wrist shot by Justin Abdelkader.
14:57 of 1st period - Stopped by James Reimer without a rebound.
14:58 of 1st period - Mike Richards wins face-off versus Andy Miele in Red Wings zone.
15:11 of 1st period - Wrist shot by Mike Richards.
15:11 of 1st period - Shot Misses the Net.
16:03 of 1st period - Wrist shot by Alex Picard.
16:03 of 1st period - Stopped by Viktor Fasth without a rebound.
16:04 of 1st period - Nick Bjugstad wins face-off versus Mikael Granlund in Predators zone.
16:56 of 1st period - Ryan Mcdonagh is hit by Michael Haley and loses puck.
17:29 of 1st period - Snap shot by Riley Armstrong.
17:29 of 1st period - Shot Blocked by Nate Schmidt.
18:24 of 1st period - Icing by Alex Killorn.
18:25 of 1st period - Nick Bjugstad wins face-off versus Nik Antropov in Predators zone.
18:28 of 1st period - Wrist shot by Tye McGinn.
18:28 of 1st period - Stopped by Viktor Fasth with a rebound.
18:34 of 1st period - Snap shot by Jordin Tootoo.
18:34 of 1st period - Stopped by Viktor Fasth without a rebound.
18:35 of 1st period - Mikael Granlund wins face-off versus Tye McGinn in Predators zone.
18:54 of 1st period - Snap shot by Tye McGinn.
18:54 of 1st period - Stopped by Viktor Fasth with a rebound.
19:04 of 1st period - Wrist shot by Nick Bjugstad.
19:04 of 1st period - Stopped by Viktor Fasth with a rebound.
19:06 of 1st period - Snap shot by Jordin Tootoo.
19:06 of 1st period - Shot Misses the Net.
19:51 of 1st period - Snap shot by Jordin Tootoo.
19:51 of 1st period - Stopped by Viktor Fasth without a rebound.
19:52 of 1st period - Mike Richards wins face-off versus Mikael Granlund in Predators zone.
Goals for this period are 1 for Predators vs 1 for Red Wings.
Shots for this period are 8 for Predators vs 12 for Red Wings.
2nd period
0:01 of 2nd period - Mike Richards wins face-off versus Mikael Granlund in neutral zone.
0:19 of 2nd period - Minor Penalty to Brendan Gallagher for Hooking.
0:20 of 2nd period - Andy Miele wins face-off versus Mike Richards in Predators zone.
0:28 of 2nd period - Snap shot by Alexander Edler.
0:28 of 2nd period - Shot Misses the Net.
2:19 of 2nd period - Penalty to Brendan Gallagher is over, Brendan Gallagher is back on ice.
2:23 of 2nd period - Icing by Alex Picard.
2:24 of 2nd period - David Krejci wins face-off versus Ryan Kesler in Red Wings zone.
2:34 of 2nd period - Icing by Ryan Kesler.
2:35 of 2nd period - Ryan Kesler wins face-off versus Nick Bjugstad in Predators zone.
2:52 of 2nd period - Wrist shot by Niclas Bergfors.
2:52 of 2nd period - Stopped by James Reimer with a rebound.
3:00 of 2nd period - Backhand shot by Ryan Kesler.
3:00 of 2nd period - Stopped by James Reimer without a rebound.
3:01 of 2nd period - Mike Richards wins face-off versus Mikael Granlund in Red Wings zone.
3:18 of 2nd period - Alexander Ovechkin is hit by Connor Brown and loses puck.
3:39 of 2nd period - Carson Mcmillan is hit by Alexander Edler and loses puck.
3:49 of 2nd period - Icing by Andrew Alberts.
3:50 of 2nd period - David Krejci wins face-off versus Ryan Kesler in Red Wings zone.
4:27 of 2nd period - Snap shot by Niclas Bergfors.
4:27 of 2nd period - Shot Blocked by Philip Samuelsson.
4:29 of 2nd period - Wrist shot by Ryan Murray.
4:29 of 2nd period - Stopped by James Reimer with a rebound.
4:37 of 2nd period - Slapshot by Ryan Kesler.
4:37 of 2nd period - Shot Misses the Net.
4:39 of 2nd period - Backhand shot by Niclas Bergfors.
4:39 of 2nd period - Shot Blocked by Ryan O'Byrne.
4:41 of 2nd period - Slapshot by John Moore.
4:41 of 2nd period - Shot Misses the Net.
4:43 of 2nd period - Wrist shot by Alexander Steen.
4:43 of 2nd period - Stopped by James Reimer with a rebound.
4:51 of 2nd period - Ryan O'Byrne is hit by Niclas Bergfors and loses puck.
4:56 of 2nd period - Backhand shot by Alexander Steen.
4:56 of 2nd period - Shot Blocked by Philip Samuelsson.
5:00 of 2nd period - Wrist shot by Niclas Bergfors.
5:00 of 2nd period - Deflect By Alexander Steen.
5:00 of 2nd period - Stopped by James Reimer without a rebound.
5:01 of 2nd period - Mikael Granlund wins face-off versus Mike Richards in Red Wings zone.
5:22 of 2nd period - Mikael Granlund is hit by Jiri Fischer and loses puck.
5:39 of 2nd period - Wrist shot by Alexander Ovechkin.
5:39 of 2nd period - Stopped by James Reimer without a rebound.
5:40 of 2nd period - Nick Bjugstad wins face-off versus Andy Miele in Red Wings zone.
5:40 of 2nd period - Nick Bjugstad is hit by Justin Abdelkader.
5:50 of 2nd period - Wrist shot by Andy Miele.
5:50 of 2nd period - Stopped by James Reimer without a rebound.
5:51 of 2nd period - Andy Miele wins face-off versus Nick Bjugstad in Red Wings zone.
5:58 of 2nd period - Snap shot by Andy Miele.
5:58 of 2nd period - Stopped by James Reimer without a rebound.
5:59 of 2nd period - Nick Bjugstad wins face-off versus Andy Miele in Red Wings zone.
6:38 of 2nd period - Wrist shot by Mikael Granlund.
6:38 of 2nd period - Shot Hit the Post.
6:54 of 2nd period - Slapshot by Alexander Steen.
6:54 of 2nd period - Stopped by James Reimer without a rebound.
6:55 of 2nd period - David Krejci wins face-off versus Ryan Kesler in Red Wings zone.
6:55 of 2nd period - David Krejci is hit by Ryan Kesler.
7:11 of 2nd period - David Krejci is hit by Nate Schmidt and loses puck.
8:08 of 2nd period - Wrist shot by Chris Kelly.
8:08 of 2nd period - Deflect By Petr Pohl.
8:08 of 2nd period - Shot Blocked by Denis Grebeshkov.
8:08 of 2nd period - Puck is out of play.
8:09 of 2nd period - Chris Kelly wins face-off versus Nik Antropov in Predators zone.
8:39 of 2nd period - Wrist shot by Mikael Granlund.
8:39 of 2nd period - Deflect By Alexander Ovechkin.
8:39 of 2nd period - Stopped by James Reimer without a rebound.
8:40 of 2nd period - Mikael Granlund wins face-off versus Mike Richards in Red Wings zone.
9:08 of 2nd period - Snap shot by Connor Brown.
9:08 of 2nd period - Stopped by Viktor Fasth without a rebound.
9:09 of 2nd period - Ryan Kesler wins face-off versus Nick Bjugstad in Predators zone.
9:09 of 2nd period - Ryan Kesler is hit by Andrew Alberts.
9:15 of 2nd period - Nick Bjugstad is hit by Ryan Kesler and loses puck.
9:58 of 2nd period - Slapshot by Brendan Gallagher.
9:58 of 2nd period - Stopped by James Reimer without a rebound.
9:59 of 2nd period - Mikael Granlund wins face-off versus Mike Richards in Red Wings zone.
10:24 of 2nd period - Snap shot by Mike Richards.
10:24 of 2nd period - Stopped by Viktor Fasth without a rebound.
10:25 of 2nd period - Alexander Steen wins face-off versus Nick Bjugstad in Predators zone.
11:01 of 2nd period - Backhand shot by Jordin Tootoo.
11:01 of 2nd period - Stopped by Viktor Fasth without a rebound.
11:02 of 2nd period - Mike Richards wins face-off versus Mikael Granlund in Predators zone.
11:04 of 2nd period - Minor Penalty to Alexander Ovechkin for Tripping.
11:05 of 2nd period - Byron Bitz wins face-off versus Mike Richards in Predators zone.
11:14 of 2nd period - Slapshot by Alexander Edler.
11:14 of 2nd period - Deflect By Byron Bitz.
11:14 of 2nd period - Shot Blocked by Karl Alzner.
11:14 of 2nd period - Puck is out of play.
11:15 of 2nd period - Mike Richards wins face-off versus Andy Miele in Red Wings zone.
11:26 of 2nd period - Backhand shot by Alexander Edler.
11:26 of 2nd period - Stopped by James Reimer with a rebound.
11:28 of 2nd period - Slapshot by Ryan Mcdonagh.
11:28 of 2nd period - Shot Misses the Net.
11:30 of 2nd period - Slapshot by Alexander Edler.
11:30 of 2nd period - Shot Blocked by Mike Richards.
11:32 of 2nd period - Slapshot by Byron Bitz.
11:32 of 2nd period - Goal by Byron Bitz - Predators : 2 - Red Wings : 1.
11:33 of 2nd period - Andy Miele wins face-off versus Mike Richards in neutral zone.
12:06 of 2nd period - Slapshot by Philip Samuelsson.
12:06 of 2nd period - Stopped by Viktor Fasth with a rebound.
12:08 of 2nd period - Slapshot by Karl Alzner.
12:08 of 2nd period - Deflect By Nick Bjugstad.
12:08 of 2nd period - Shot Misses the Net.
12:08 of 2nd period - Puck is out of play.
12:09 of 2nd period - Nick Bjugstad wins face-off versus Brendan Gallagher in Predators zone.
12:21 of 2nd period - Icing by Andrew Alberts.
12:22 of 2nd period - Nick Bjugstad wins face-off versus Andy Miele in Red Wings zone.
12:53 of 2nd period - Wrist shot by Jordin Tootoo.
12:53 of 2nd period - Shot Misses the Net.
12:55 of 2nd period - Slapshot by Andrew Alberts.
12:55 of 2nd period - Stopped by Viktor Fasth without a rebound.
12:56 of 2nd period - Mike Richards wins face-off versus Justin Abdelkader in Predators zone.
13:04 of 2nd period - Penalty to Alexander Ovechkin is over, Alexander Ovechkin is back on ice.
13:05 of 2nd period - Snap shot by Mike Richards.
13:05 of 2nd period - Goal by Mike Richards - Predators : 2 - Red Wings : 2.
13:06 of 2nd period - Mikael Granlund wins face-off versus Mike Richards in neutral zone.
13:17 of 2nd period - Snap shot by Alex Picard.
13:17 of 2nd period - Shot Blocked by Mikael Granlund.
13:33 of 2nd period - Alexander Edler is hit by Jordin Tootoo.
13:55 of 2nd period - Wrist shot by Chris Kelly.
13:55 of 2nd period - Shot Blocked by Alexander Edler.
14:45 of 2nd period - Carson Mcmillan is hit by Ryan Mcdonagh and loses puck.
15:00 of 2nd period - Tye McGinn is hit by Ryan Kesler.
15:24 of 2nd period - Snap shot by Alex Killorn.
15:24 of 2nd period - Shot Misses the Net.
15:26 of 2nd period - Wrist shot by Maxim Afinogenov.
15:26 of 2nd period - Shot Misses the Net.
15:28 of 2nd period - Slapshot by Alexander Edler.
15:28 of 2nd period - Goal by Alexander Edler - Predators : 3 - Red Wings : 2.
15:29 of 2nd period - Mikael Granlund wins face-off versus Mike Richards in neutral zone.
15:36 of 2nd period - Wrist shot by Brendan Gallagher.
15:36 of 2nd period - Stopped by James Reimer with a rebound.
16:26 of 2nd period - Snap shot by Ryan Kesler.
16:26 of 2nd period - Deflect By Alexander Steen.
16:26 of 2nd period - Stopped by James Reimer with a rebound.
16:28 of 2nd period - Snap shot by Nate Schmidt.
16:28 of 2nd period - Stopped by James Reimer with a rebound.
16:30 of 2nd period - Snap shot by Ryan Kesler.
16:30 of 2nd period - Stopped by James Reimer with a rebound.
16:59 of 2nd period - Ryan O'Byrne is hit by Brendan Gallagher.
18:14 of 2nd period - Alex Picard is hit by Alexander Ovechkin and loses puck.
18:37 of 2nd period - Alexander Ovechkin is hit by Michael Haley.
18:41 of 2nd period - Karl Alzner is hit by Ryan Murray and loses puck.
18:46 of 2nd period - Snap shot by Mikael Granlund.
18:46 of 2nd period - Shot Misses the Net.
18:48 of 2nd period - Slapshot by John Moore.
18:48 of 2nd period - Shot Hit the Post.
18:50 of 2nd period - Snap shot by Alexander Ovechkin.
18:50 of 2nd period - Shot Misses the Net.
19:10 of 2nd period - Snap shot by Mikael Granlund.
19:10 of 2nd period - Stopped by James Reimer with a rebound.
19:28 of 2nd period - Slapshot by Chris Kelly.
19:28 of 2nd period - Shot Misses the Net.
19:58 of 2nd period - Slapshot by John Moore.
19:58 of 2nd period - Shot Blocked by Michael Haley.
Goals for this period are 2 for Predators vs 1 for Red Wings.
Shots for this period are 19 for Predators vs 6 for Red Wings.
3rd period
0:01 of 3rd period - Mikael Granlund wins face-off versus Mike Richards in neutral zone.
0:26 of 3rd period - Ryan Kesler is hit by Ryan O'Byrne and loses puck.
1:12 of 3rd period - Minor Penalty to Alexander Edler for Tripping.
1:13 of 3rd period - Andy Miele wins face-off versus Mike Richards in Predators zone.
1:21 of 3rd period - Wrist shot by Alex Picard.
1:21 of 3rd period - Shot Misses the Net.
2:07 of 3rd period - Connor Brown is hit by Byron Bitz and loses puck.
3:12 of 3rd period - Penalty to Alexander Edler is over, Alexander Edler is back on ice.
3:51 of 3rd period - Slapshot by John Moore.
3:51 of 3rd period - Stopped by James Reimer with a rebound.
3:53 of 3rd period - Wrist shot by Alexander Edler.
3:53 of 3rd period - Shot Blocked by Andrew Alberts.
3:57 of 3rd period - Snap shot by Alexander Edler.
3:57 of 3rd period - Shot Misses the Net.
3:59 of 3rd period - Snap shot by Alexander Edler.
3:59 of 3rd period - Stopped by James Reimer with a rebound.
4:35 of 3rd period - Snap shot by Alexander Edler.
4:35 of 3rd period - Shot Blocked by Anton Volchenkov.
4:43 of 3rd period - Wrist shot by Andy Miele.
4:43 of 3rd period - Stopped by James Reimer without a rebound.
4:44 of 3rd period - Mike Richards wins face-off versus Mikael Granlund in Red Wings zone.
4:55 of 3rd period - Ryan Murray is hit by Mike Richards and loses puck.
5:37 of 3rd period - Niclas Bergfors is hit by Jiri Fischer and loses puck.
5:46 of 3rd period - Nick Bjugstad is hit by Nate Schmidt and loses puck.
6:01 of 3rd period - David Krejci is hit by Alexander Ovechkin and loses puck.
6:33 of 3rd period - Icing by Philip Samuelsson.
6:34 of 3rd period - Nick Bjugstad wins face-off versus Nik Antropov in Red Wings zone.
6:45 of 3rd period - Wrist shot by Nick Bjugstad.
6:45 of 3rd period - Stopped by Viktor Fasth with a rebound.
6:47 of 3rd period - Snap shot by Philip Samuelsson.
6:47 of 3rd period - Stopped by Viktor Fasth without a rebound.
6:48 of 3rd period - Mike Richards wins face-off versus Ryan Kesler in Predators zone.
6:53 of 3rd period - Snap shot by Alex Picard.
6:53 of 3rd period - Shot Blocked by Ryan Mcdonagh.
7:03 of 3rd period - Wrist shot by Niclas Bergfors.
7:03 of 3rd period - Shot Misses the Net.
7:05 of 3rd period - Snap shot by Ryan Mcdonagh.
7:05 of 3rd period - Shot Misses the Net.
7:24 of 3rd period - Snap shot by Riley Armstrong.
7:24 of 3rd period - Shot Misses the Net.
7:26 of 3rd period - Wrist shot by David Krejci.
7:26 of 3rd period - Shot Misses the Net.
7:28 of 3rd period - Slapshot by Andrew Alberts.
7:28 of 3rd period - Stopped by Viktor Fasth without a rebound.
7:29 of 3rd period - Niclas Bergfors wins face-off versus Nick Bjugstad in Predators zone.
7:40 of 3rd period - Snap shot by Tye McGinn.
7:40 of 3rd period - Shot Misses the Net.
7:42 of 3rd period - Slapshot by Philip Samuelsson.
7:42 of 3rd period - Shot Misses the Net.
7:44 of 3rd period - Slapshot by Philip Samuelsson.
7:44 of 3rd period - Stopped by Viktor Fasth without a rebound.
7:45 of 3rd period - Mike Richards wins face-off versus Mikael Granlund in Predators zone.
7:56 of 3rd period - Slapshot by Connor Brown.
7:56 of 3rd period - Stopped by Viktor Fasth with a rebound.
7:58 of 3rd period - Wrist shot by Connor Brown.
7:58 of 3rd period - Stopped by Viktor Fasth with a rebound.
8:00 of 3rd period - Slapshot by Philip Samuelsson.
8:00 of 3rd period - Shot Blocked by Ryan Murray.
8:02 of 3rd period - Wrist shot by Ryan O'Byrne.
8:02 of 3rd period - Deflect By Alex Picard.
8:02 of 3rd period - Stopped by Viktor Fasth with a rebound.
8:14 of 3rd period - Nick Bjugstad is hit by Niclas Bergfors and loses puck.
8:36 of 3rd period - Slapshot by John Moore.
8:36 of 3rd period - Deflect By Justin Abdelkader.
8:36 of 3rd period - Stopped by James Reimer with a rebound.
8:38 of 3rd period - Slapshot by John Moore.
8:38 of 3rd period - Shot Blocked by Jiri Fischer.
8:40 of 3rd period - Slapshot by Ryan Murray.
8:40 of 3rd period - Shot Blocked by Riley Armstrong.
8:42 of 3rd period - Slapshot by Ryan Murray.
8:42 of 3rd period - Stopped by James Reimer with a rebound.
8:44 of 3rd period - Snap shot by Andy Miele.
8:44 of 3rd period - Shot Misses the Net.
9:23 of 3rd period - Snap shot by Mike Richards.
9:23 of 3rd period - Shot Blocked by Mikael Granlund.
9:25 of 3rd period - Snap shot by Alex Picard.
9:25 of 3rd period - Goal by Alex Picard - Predators : 3 - Red Wings : 3.
9:26 of 3rd period - Mikael Granlund wins face-off versus Mike Richards in neutral zone.
9:29 of 3rd period - Mike Richards is hit by Brendan Gallagher and loses puck.
10:04 of 3rd period - Wrist shot by Nick Bjugstad.
10:04 of 3rd period - Stopped by Viktor Fasth without a rebound.
10:05 of 3rd period - Mikael Granlund wins face-off versus Riley Armstrong in Predators zone.
10:05 of 3rd period - Mikael Granlund is hit by Anton Volchenkov.
10:39 of 3rd period - Wrist shot by Alex Picard.
10:39 of 3rd period - Stopped by Viktor Fasth with a rebound.
10:41 of 3rd period - Snap shot by Mike Richards.
10:41 of 3rd period - Shot Misses the Net.
10:43 of 3rd period - Slapshot by Andrew Alberts.
10:43 of 3rd period - Stopped by Viktor Fasth without a rebound.
10:44 of 3rd period - Andy Miele wins face-off versus Mike Richards in Predators zone.
12:12 of 3rd period - Off-side.
12:13 of 3rd period - Tye McGinn wins face-off versus Ryan Kesler in neutral zone.
12:47 of 3rd period - Snap shot by Alexander Steen.
12:47 of 3rd period - Goal by Alexander Steen - Predators : 4 - Red Wings : 3.
12:48 of 3rd period - Mikael Granlund wins face-off versus Mike Richards in neutral zone.
12:51 of 3rd period - Slapshot by Ryan Mcdonagh.
12:51 of 3rd period - Shot Blocked by Ryan O'Byrne.
13:38 of 3rd period - Off-side.
13:39 of 3rd period - Andy Miele wins face-off versus David Krejci in neutral zone.
13:43 of 3rd period - Off-side.
13:44 of 3rd period - David Krejci wins face-off versus Mikael Granlund in neutral zone.
14:05 of 3rd period - Ryan Murray is hit by Karl Alzner.
14:06 of 3rd period - Icing by Ryan Murray.
14:07 of 3rd period - Mike Richards wins face-off versus Mikael Granlund in Predators zone.
14:18 of 3rd period - Wrist shot by Connor Brown.
14:18 of 3rd period - Stopped by Viktor Fasth with a rebound.
14:33 of 3rd period - John Moore is hit by Philip Samuelsson and loses puck.
14:36 of 3rd period - Wrist shot by Brendan Gallagher.
14:36 of 3rd period - Goal by Brendan Gallagher - Predators : 5 - Red Wings : 3.
14:37 of 3rd period - Mike Richards wins face-off versus Ryan Kesler in neutral zone.
15:26 of 3rd period - Anton Volchenkov is hit by Byron Bitz and loses puck.
16:14 of 3rd period - Snap shot by Niclas Bergfors.
16:14 of 3rd period - Stopped by James Reimer with a rebound.
16:47 of 3rd period - Mike Richards is hit by Ryan Murray.
17:11 of 3rd period - Ryan O'Byrne is hit by Niclas Bergfors.
17:21 of 3rd period - Tye McGinn is hit by Nik Antropov and loses puck.
18:09 of 3rd period - Andrew Alberts is hit by Andy Miele and loses puck.
18:18 of 3rd period - Jordin Tootoo is hit by Byron Bitz and loses puck.
18:35 of 3rd period - Carson Mcmillan is hit by Denis Grebeshkov and loses puck.
18:44 of 3rd period - Carson Mcmillan is hit by Niclas Bergfors and loses puck.
19:05 of 3rd period - Snap shot by Connor Brown.
19:05 of 3rd period - Shot Blocked by Ryan Murray.
19:07 of 3rd period - Snap shot by Mike Richards.
19:07 of 3rd period - Shot Misses the Net.
19:09 of 3rd period - Snap shot by Mike Richards.
19:09 of 3rd period - Deflect By Alex Picard.
19:09 of 3rd period - Shot Misses the Net.
19:09 of 3rd period - Puck is out of play.
19:10 of 3rd period - Nick Bjugstad wins face-off versus Andy Miele in Predators zone.
19:25 of 3rd period - Slapshot by Alexander Edler.
19:25 of 3rd period - Stopped by James Reimer without a rebound.
19:26 of 3rd period - Nik Antropov wins face-off versus David Krejci in Red Wings zone.
19:52 of 3rd period - Philip Samuelsson is hit by Andy Miele and loses puck.
19:58 of 3rd period - Minor Penalty to Andy Miele for Interference.
19:59 of 3rd period - Mike Richards wins face-off versus Justin Abdelkader in Predators zone.
Goals for this period are 2 for Predators vs 1 for Red Wings.
Shots for this period are 9 for Predators vs 12 for Red Wings.
Back to the Top